 Dungeon Crawl Stone Soup version 0.22-a0-460-g49b1da7 (webtiles) character file.

619973 DrEnzyme the Slayer (level 27, -20/291 HPs)
             Began as an Octopode Wanderer on June 6, 2018.
             Was an Initiate of Gozag.
             Demolished by a death scarab (27 damage)
             ... summoned by a greater mummy
             ... on level 8 of a ziggurat on June 9, 2018.
             The game lasted 12:40:37 (100184 turns).

DrEnzyme the Slayer (Octopode Wanderer)           Turns: 100184, Time: 12:40:40

Health: -20/291    AC: 10    Str: 25    XL:     27
Magic:  30/30      EV: 46    Int: 24    God:    Gozag
Gold:   6248       SH: 24    Dex: 40    Spells: 5/40 levels left

rFire    + . .     SeeInvis +   a - +9 scimitar (slice) {wight}
rCold    + . .     Gourm    .   M - +5 shield
rNeg     + + .     Faith    .   n - -2 hat of the Alchemist {rElec rPois rF+ rC+ rN+ MR+ rMut rCorr}
rPois    +         Spirit   .   r - amulet of Ylaph {RegenMP rN+ Slay+2}
rElec    +         Reflect  .   T - +6 ring of protection
rCorr    +         Harm     .   o - +5 ring of dexterity
rMut     +         Clarity  +   X - ring of wizardry
MR       +++++                  I - ring "Ehet" {Str+3 Int+3 Dex+3}
Stlth    ..........             R - ring of Nicufe {rElec MR+ Dex+4}
HPRegen  0.58/turn              H - +5 ring of protection
MPRegen  0.47/turn              A - +6 ring of dexterity
                                J - +3 ring of slaying

@: mighty, brilliant, agile, berserking (expiring), gold aura, slowed, drained
A: almost no armour, stealthy swim, amphibious, 8 rings, constrict 8, tentacle
spike 2, camouflage 1, see invisible, clarity, frail 1, low mp 1, magic
resistance 1, poison resistance, screaming 2, gelatinous body 1
}: 4/15 runes: serpentine, barnacled, slimy, abyssal
a: Potion Petition, Call Merchant, Bribe Branch, Renounce Religion


You were on level 8 of a ziggurat.
You worshipped Gozag.
Gozag was greatly pleased with you.
You were not hungry.

You visited 10 branches of the dungeon, and saw 49 of its levels.
You visited the Abyss 19 times.
You visited 1 bazaar.
You visited 1 ziggurat, and saw 8 of its levels.
You also visited: Labyrinth and Sewer.

You collected 33466 gold pieces.
You spent 8754 gold pieces at shops.
You paid 18464 gold pieces to Gozag.

Inventory:

Hand Weapons
 a - a +9 scimitar of slicing (weapon) {wight}
 c - the +3 fustibalus of the Sea {venom, rElec Int-4 Dex+5}
   (You found it in a labyrinth)

   It poisons the ammo it fires.
   It affects your intelligence (-4).
   It affects your dexterity (+5).
   It insulates you from electricity.
 N - the +2 great sword "Rero Pash" {protect, rElec rC++ Int+4, unknown}
   (You found it on level 7 of a ziggurat)

   It protects the one who uses it against injury (+AC on strike).
   It affects your intelligence (+4).
   It greatly protects you from cold.
   It insulates you from electricity.
Missiles
 q - 301 sling bullets
 Z - 2 poisoned javelins (quivered)
Armour
 n - the -2 hat of the Alchemist (worn) {rElec rPois rF+ rC+ rN+ MR+ rMut rCorr}
   (You bought it in a shop on level 2 of the Orcish Mines)

   It protects you from fire.
   It protects you from cold.
   It insulates you from electricity.
   It protects you from poison.
   It protects you from negative energy.
   It affects your resistance to hostile enchantments.
   It protects you from acid and corrosion.
   It protects you from mutation.
 K - a +0 buckler of cold resistance
 M - a +5 shield (worn)
Jewellery
 l - the ring "Jihes" {rElec rF+ EV+1 Stlth+}
   (You found it on level 3 of a ziggurat)

   [ring of evasion]

   It affects your evasion (+1).
   It protects you from fire.
   It insulates you from electricity.
   It makes you more stealthy.
 o - a +5 ring of dexterity (right tentacle)
 r - the amulet of Ylaph (around mantle) {RegenMP rN+ Slay+2}
   (You found it on level 4 of the Shoals)

   [amulet of magic regeneration]

   It increases your magic regeneration.
   It affects your accuracy and damage with ranged weapons and melee attacks
   (+2).
   It protects you from negative energy.
 u - the ring "Ycuc" {rC+ Str-3 Int+6}
   (You acquired it on level 9 of the Dungeon)

   [ring of protection from cold]

   It affects your strength (-3).
   It affects your intelligence (+6).
   It protects you from cold.
 x - the ring of Grace {rElec rF+ rN+}
   (You found it on level 5 of a ziggurat)

   [ring of positive energy]

   It protects you from fire.
   It insulates you from electricity.
   It protects you from negative energy.
 A - a +6 ring of dexterity (on tentacle)
 H - a +5 ring of protection (on tentacle)
 I - the ring "Ehet" (on tentacle) {Str+3 Int+3 Dex+3}
   (You bought it in a shop on level 11 of the Dungeon)

   [ring of intelligence]

   It affects your strength (+3).
   It affects your intelligence (+3).
   It affects your dexterity (+3).
 J - a +3 ring of slaying (on tentacle)
 R - the ring of Nicufe (on tentacle) {rElec MR+ Dex+4}
   (You found it on level 5 of the Pits of Slime)

   [ring of protection from magic]

   It affects your dexterity (+4).
   It insulates you from electricity.
   It affects your resistance to hostile enchantments.
 T - a +6 ring of protection (left tentacle)
 X - a ring of wizardry (on tentacle)
Wands
 b - a wand of scattershot (1)
 d - a wand of digging (33)
 C - a wand of enslavement (13)
 E - a wand of paralysis (18)
 U - a wand of disintegration (18)
Scrolls
 e - a scroll of blinking
 h - 2 scrolls of remove curse
 i - a scroll of identify
 m - 7 scrolls of teleportation
 s - 9 scrolls of magic mapping
 v - 6 scrolls of fog
 y - 6 scrolls of immolation
 P - a scroll of silence
 Q - 3 scrolls of fear
Potions
 g - 3 potions of resistance
 p - 6 potions of brilliance
 w - 8 potions of haste
 z - 3 potions of cancellation
 B - 5 potions of magic
 F - a potion of mutation
 G - a potion of might
 L - a potion of agility
Miscellaneous
 j - a phantom mirror
 k - 2 boxes of beasts
Comestibles
 f - 30 rations


   Skills:
 + Level 24.4(24.0) Fighting
   Level 6.1(10.7) Short Blades
 - Level 13.8(13.9) Long Blades
 - Level 5.4(5.8) Slings
 - Level 4.0(5.1) Throwing
 + Level 23.8(23.4) Dodging
 - Level 8.9(8.7) Stealth
 * Level 21.2(20.9) Shields
 - Level 7.4(7.1) Spellcasting
 - Level 6.0(5.8) Conjurations
 - Level 8.1(7.8) Summonings
 - Level 4.0(3.7) Necromancy
 - Level 7.5(7.3) Translocations
   Level 1.0(0.8) Transmutations
   Level 2.0(1.8) Air Magic
 - Level 14.0(13.7) Evocations


You had 5 spell levels left.
You knew the following spells:

 Your Spells              Type           Power        Failure   Level  Hunger
a - Summon Ice Beast      Ice/Summ       #####...     1%          4    ###....
b - Apportation           Tloc           ######       1%          1    None
c - Regeneration          Chrm/Necr      ####......   1%          3    None
d - Blink                 Tloc           N/A          1%          2    None
e - Spellforged Servitor  Conj/Summ      ######....   34%         7    #######
f - Conjure Flame         Conj/Fire      #####...     1%          3    None
g - Orb of Destruction    Conj           ######....   45%         7    #######
h - Summon Butterflies    Summ           ######..     1%          1    None
i - Shroud of Golubria    Chrm/Tloc      #####.....   1%          2    None
j - Portal Projectile     Hex/Tloc       #####.       1%          3    None
k - Song of Slaying       Chrm           ###.....     1%          2    None

Your spell library contained the following spells:

 Spells                   Type           Power        Failure   Level  Hunger
 Cause Fear               Hex            ###.......   8%          4    ###....
 Magic Dart               Conj           ####         1%          1    None
 Fireball                 Conj/Fire      #####.....   7%          5    #####..
 Bolt of Fire             Conj/Fire      #####.....   30%         6    ######.
 Bolt of Cold             Conj/Ice       #####.....   30%         6    ######.
 Bolt of Magma            Conj/Fire/Erth ####......   10%         5    #####..
 Slow                     Hex            ###.....     1%          2    None
 Confuse                  Hex            ###.....     2%          3    None
 Throw Frost              Conj/Ice       #####.       1%          2    None
 Controlled Blink         Tloc           N/A          86%         8    #######
 Freezing Cloud           Conj/Ice/Air   #####.....   34%         6    ######.
 Mephitic Cloud           Conj/Pois/Air  #####...     1%          3    None
 Ring of Flames           Chrm/Fire      ###.......   98%         7    #######
 Venom Bolt               Conj/Pois      #####.....   7%          5    #####..
 Olgreb's Toxic Radiance  Pois           ###.....     8%          4    ###....
 Summon Small Mammal      Summ           ####         1%          1    None
 Bolt of Draining         Conj/Necr      #####.....   3%          5    #####..
 Iskenderun's Mystic Bla  Conj           ######..     1%          4    ###....
 Animate Dead             Necr           N/A          1%          4    ###....
 Pain                     Necr           ####         1%          1    None
 Animate Skeleton         Necr           N/A          1%          1    None
 Vampiric Draining        Necr           #####.....   1%          3    None
 Freeze                   Ice            ###.         1%          1    None
 Ozocubu's Refrigeration  Ice            ###.......   65%         6    ######.
 Ozocubu's Armour         Chrm/Ice       ###.....     2%          3    None
 Call Imp                 Summ           ######..     1%          2    None
 Dispel Undead            Necr           #####...     4%          5    #####..
 Sting                    Conj/Pois      ####         1%          1    None
 Sublimation of Blood     Necr           #####.....   1%          2    None
 Tukima's Dance           Hex            ###.....     2%          3    None
 Summon Demon             Summ           ######....   1%          5    #####..
 Corpse Rot               Necr           N/A          1%          2    None
 Iron Shot                Conj/Erth      #####.....   30%         6    ######.
 Stone Arrow              Conj/Erth      #####.       1%          3    None
 Recall                   Summ/Tloc      N/A          1%          3    None
 Agony                    Necr           #####...     4%          5    #####..
 Statue Form              Tmut/Erth      ###......    61%         6    ######.
 Ice Form                 Ice/Tmut       ###.....     7%          4    ###....
 Dragon Form              Tmut           ####......   96%         7    #######
 Throw Icicle             Conj/Ice       #####...     2%          4    ###....
 Shadow Creatures         Summ           N/A          5%          6    ######.
 Passwall                 Tmut/Erth      ###.....     1%          2    None
 Ignite Poison            Fire/Tmut/Pois ###.....     2%          3    None
 Call Canine Familiar     Summ           ######..     1%          3    None
 Ensorcelled Hibernation  Hex/Ice        ###...       1%          2    None
 Metabolic Englaciation   Hex/Ice        ###.......   21%         5    #####..
 Silence                  Hex/Air        ####......   14%         5    #####..
 Dispersal                Tloc           ######....   6%          6    ######.
 Static Discharge         Conj/Air       #####...     1%          3    None
 Corona                   Hex            ###....      1%          1    None
 Lee's Rapid Deconstruct  Erth           ###.......   21%         5    #####..
 Sandblast                Erth           ###...       1%          1    None
 Simulacrum               Ice/Necr       ####......   41%         6    ######.
 Excruciating Wounds      Chrm/Necr      ####......   10%         5    #####..
 Petrify                  Tmut/Erth      ###.....     7%          4    ###....
 Leda's Liquefaction      Hex/Erth       ###.......   8%          4    ###....
 Inner Flame              Hex/Fire       ###.....     2%          3    None
 Aura of Abjuration       Summ           ######....   1%          5    #####..
 Disjunction              Tloc           ######....   86%         8    #######
 Iskenderun's Battlesphe  Conj/Chrm      #####...     7%          5    #####..
 Fulminant Prism          Conj/Hex       #####.....   2%          4    ###....
 Dazzling Spray           Conj/Hex       #####.       1%          3    None
 Force Lance              Conj/Tloc      ######..     1%          4    ###....
 Infusion                 Chrm           ###.         1%          1    None
 Spectral Weapon          Hex/Chrm       ###.....     2%          3    None
 Searing Ray              Conj           ######       1%          2    None
 Discord                  Hex            ###.......   100%        8    #######
 Summon Forest            Summ/Tloc      ######....   1%          5    #####..
 Summon Lightning Spire   Summ/Air       #####...     1%          4    ###....
 Summon Guardian Golem    Hex/Summ       #####...     1%          3    None
 Summon Mana Viper        Hex/Summ       #####...     4%          5    #####..
 Hydra Form               Tmut           ####......   54%         6    ######.
 Irradiate                Conj/Tmut      #####.....   6%          5    #####..
 Gell's Gravitas          Tloc           ######....   1%          3    None
 Yara's Violent Unravell  Hex/Tmut       ###.......   17%         5    #####..
 Lesser Beckoning         Tloc           ######....   1%          3    None
 Poisonous Vapours        Pois/Air       ####..       1%          2    None
 Ignition                 Fire           ###.......   100%        8    #######


Dungeon Overview and Level Annotations

Branches:
Dungeon (15/15)            Temple (1/1) D:4            Lair (6/6) D:9
 Shoals (4/4) Lair:3        Snake (4/4) Lair:2        Slime (5/5) Lair:5
    Orc (2/2) D:11            Elf (3/3) Orc:2        Vaults (4/5) D:13
  Crypt (0/3) Vaults:2     Depths (5/5) D:15
    Zot: Depths:5

Altars:
Ashenzari
Cheibriados
Dithmenos
Elyvilon
Fedhas
Gozag
Hepliaklqana
Kikubaaqudgha
Makhleb
Nemelex Xobeh
Okawaru
Qazlal
Ru
Sif Muna
Trog
Uskayaw
Vehumet
Wu Jian
Xom
Yredelemnul
Zin
The Shining One
Beogh
Jiyva
Lugonu

Shops:
D:7 (   D:8 *   D:9 ?=??   D:11 =   D:12 [   D:15 *[   Orc:2 ![[(   Elf:1 =}
Elf:2 (   Elf:3 [   Shoals:3 *   Vaults:4 ?   Depths:1 [   Depths:2 [

Portals:
Hell: Depths:1 Depths:2 Depths:3 Depths:4 Depths:5
Abyss: Depths:1 Depths:4
Pandemonium: Depths:1 Depths:2 Depths:3 Depths:4
Trove: Depths:4 (give 14 potions of heal wounds)

Annotations:
D:1 exclusion: gnoll
D:5 exclusion: downstairs
D:6 exclusion: downstairs
D:7 exclusion: 2 downstairs
D:8 exclusion: 2 downstairs
D:10 exclusions: crimson imp and hornet
D:11 exclusion: two-headed ogre
D:13 exclusion: downstairs
D:14 exclusion: zombie, Nessos
Lair:2 Nergalle
Lair:3 exclusions: downstairs and hydra
Lair:4 exclusion: downstairs
Shoals:3 Mara
Snake:2 Vashnia
Snake:3 Saint Roka
Snake:4 exclusion: upstairs
Slime:4 exclusion: downstairs
Elf:1 exclusion: downstairs
Elf:2 exclusion: downstairs
Vaults:2 exclusion: downstairs
Depths:1 2 exclusions
Depths:2 exclusion: downstairs


Innate Abilities, Weirdness & Mutations

You cannot wear most types of armour.
You are very stealthy in the water. (Stealth+)
You are amphibious.
You can wear up to eight rings at the same time.
You can use your tentacles to constrict eight enemies at once.
Your skin changes colour to match your surroundings (Stealth+).
Your rubbery body absorbs attacks. (AC +1, EV +1)
One of your tentacles bears a nasty spike.
You have supernaturally acute eyesight. (SInv)
You possess an exceptional clarity of mind.
You are frail. (-10% HP)
Your magical capacity is low. (-10% MP)
You are resistant to hostile enchantments. (MR+)
Your system is resistant to poisons. (rPois)
You sometimes yell uncontrollably at your foes.


Message History

You kill the emperor scorpion!
The emperor scorpion's corpse disappears in a puff of smoke!
The death scarab is no longer distracted by gold.
The death scarab is engulfed in seething chaos.
The death scarab flickers and vanishes for a moment.
You block the death scarab's attack. x2
The emperor scorpion completely misses you. x3
You block the death scarab's attack. The soul eater completely misses you.
You riposte.
You slash the soul eater! You grab the soul eater.
You pierce the soul eater!
You squeeze the soul eater!!
The soul eater is severely wounded.
The death scarab barely misses you. You block the death scarab's attack.
You slash the soul eater!
You kill the soul eater!
You block the death scarab's attack. x4
The death scarab is distracted by the nearby gold.
The flying skull is engulfed in seething chaos.
The death scarab bites you!!
You die...
Your body crumbles into a pile of gold.

▓▓ ▓▓▓▓.▓▓▓▓
▓▓.......▓▓▓
........Ws.▓▓
......MMMsss▓
#..M§.##@.▓▓
s##.sM..##s$W▓
)sM......zss.▓
?)..s...ZM§..▓▓
MM..Z..$§..∩..▓
ss.§ZM.......▓▓
...z.........▓
.##z....##...▓
#.3s..##..▓▓


You could see a greater mummy, 3 emperor scorpions, 4 death scarabs, 2 shadows,
a flying skull, 2 mummies and a deep elf demonologist zombie.

Vanquished Creatures
  the Royal Jelly (Slime:5)
  A juggernaut (Depths:3)
  A greater mummy (Zig:8)
  Bai Suzhen (Vaults:3)
  Frederick (Depths:5)
  2 golden dragons
  Nikola (Shoals:3)
  2 profane servitors (Abyss:1)
  5 bone dragons (Abyss:1)
  Jorgrun (Snake:2)
  A tentacled monstrosity (Depths:4)
  8 liches
  A quicksilver dragon (Abyss:3)
  4 deep elf blademasters
  A deep elf master archer (Elf:3)
  29 tentacled starspawn
  Polyphemus (Shoals:3)
  An ancient champion (Zig:5)
  2 Executioners (Abyss:1)
  6 sphinxes
  17 acid blobs
  A draconian monk (Abyss:3)
  5 fire giants
  8 nagarajas
  Ilsuiw (Shoals:4)
  13 azure jellies
  Roxanne (Snake:4)
  2 tengu reavers
  2 revenants (Zig:5)
  4 frost giants
  Donald (Vaults:3)
  9 deep elf sorcerers
  An iron dragon (Depths:2)
  4 cacodemons (Abyss:1)
  6 vault wardens
  2 balrugs
  A ghost moth (shapeshifter) (Depths:1)
  Louise (Snake:4)
  A draconian scorcher (Zig:3)
  A draconian shifter (Abyss:1)
  Aizul (Snake:4)
  A deep elf elementalist (Elf:3)
  3 orc warlords (Zig:7)
  A draconian stormcaller (Zig:3)
  A draconian annihilator (Abyss:1)
  4 reapers
  15 ironheart preservers
  6 ophanim
  2 angels
  A vampire knight (Depths:1)
  15 very ugly things
  A black draconian (Zig:3)
  3 spriggan defenders (Depths:3)
  19 stone giants
  The ghost of Guenter the Carver, a journeyman VSWn of Okawaru (Shoals:2)
  11 deep elf annihilators
  Azrael (Elf:2)
  2 lorocyprocas (Abyss:1)
  A pale draconian (Depths:5)
  A white draconian (Abyss:1)
  9 spark wasps
  7 deep elf demonologists
  2 merfolk javelineers
  8 deep elf death magi
  11 fire dragons
  5 ettins
  11 merfolk impalers
  2 blizzard demons (Abyss:1)
  4 mummy priests
  3 green deaths
  11 death oozes
  12 rakshasas
  8 vault guards
  11 deep elf high priests (Elf:3)
  A monstrous demonspawn (Depths:1)
  15 great orbs of eyes
  7 ice dragons
  10 yaktaur captains
  10 hydras
  12 naga warriors
  4 spriggan air magi (Depths:3)
  4 merfolk aquamancers
  9 centaur warriors
  2 catoblepae
  An alligator snapping turtle (Shoals:4)
  4 satyrs
  16 anacondas
  3 death yaks (Shoals:3)
  3 death knights
  44 two-headed ogres
  15 ogre magi
  6 deep troll shamans
  9 deep troll earth magi
  4 tengu warriors
  A hell hog (Abyss:1)
  5 hell knights
  16 thrashing horrors
  10 shock serpents
  2 vampire magi
  An orc high priest (Orc:2)
  9 naga sharpshooters
  2 sun demons
  29 deep elf knights
  Urug (Lair:5)
  5 spriggan berserkers
  Sonja (D:13)
  6 spriggans
  9 salamander mystics
  8 shadow wraiths
  An iron troll (Depths:1)
  15 wretched stars
  A storm dragon zombie (Abyss:1)
  7 sixfirhies
  A skeletal warrior (Vaults:4)
  A fire crab (shapeshifter) (Vaults:2)
  2 soul eaters
  14 deep trolls
  A spatial maelstrom (Abyss:1)
  The ghost of Coldfire the Basher, a novice VSFi of Qazlal (D:9)
  An unseen horror (D:15)
  5 phantasmal warriors
  9 sea snakes
  7 flayed ghosts
  4 glowing orange brains
  A shadow demon (Abyss:3)
  2 cherubim (Abyss:3)
  A gelid demonspawn (Depths:1)
  An obsidian statue (Depths:1)
  4 lindwurms (Snake:4)
  9 naga ritualists
  19 deep elf archers
  3 wizards
  2 orb spiders (shapeshifter)
  14 orc knights
  7 ironbrand convokers
  3 wolf spiders
  The ghost of loopi the Conjurer, a novice OgFE of Okawaru (D:8)
  3 necromancers
  An orb spider (Abyss:1)
  15 harpies
  14 mana vipers
  A faun (shapeshifter) (Vaults:4)
  A stone giant zombie (Depths:1)
  A mana viper (shapeshifter) (D:15)
  6 oklob plants (Zig:6)
  6 orc sorcerers
  A cyclops (shapeshifter) (Elf:2)
  6 shining eyes
  96 deep elf magi
  16 salamanders
  7 cyclopes
  15 manticores
  4 moths of wrath
  29 ugly things
  15 fauns
  2 frost giant skeletons
  A shadow dragon skeleton (Abyss:1)
  An elephant (shapeshifter) (D:15)
  7 merfolk sirens
  24 smoke demons
  7 worldbinders (Abyss:1)
  2 rust devils
  4 elephants (Lair:3)
  22 black mambas
  19 naga magi
  7 apocalypse crabs
  An eye of devastation (Slime:5)
  A gargoyle (D:8)
  7 water nymphs
  21 vault sentinels
  2 fire giant skeletons
  An iron dragon skeleton (Abyss:1)
  A torpor snail (shapeshifter) (Depths:2)
  12 guardian serpents
  A rime drake (Lair:3)
  5 spectral swamp worms (Depths:2)
  10 orange demons
  20 spiny frogs
  4 centaur skeletons
  9 freezing wraiths
  A kobold demonologist (D:13)
  A hellion (Abyss:2)
  An ice devil (Abyss:1)
  33 yaktaurs
  5 efreet
  A golden dragon simulacrum (Abyss:1)
  A komodo dragon (shapeshifter) (Vaults:1)
  13 ancient zymes
  4 komodo dragons
  A tormentor (Abyss:1)
  5 guardian mummies
  A rime drake (shapeshifter) (Vaults:2)
  An entropy weaver simulacrum (Vaults:3)
  7 hellwings
  2 demonic crawlers (Abyss:1)
  A yaktaur skeleton (Depths:1)
  4 trolls
  23 merfolk
  2 tengu conjurers
  A troll (shapeshifter) (D:15)
  A polar bear (Lair:4)
  14 tyrant leeches
  A wolf spider simulacrum (Abyss:1)
  10 hornets
  A raiju (shapeshifter) (Elf:2)
  46 large abominations
  7 hippogriffs
  79 slime creatures
  38 raiju
  A blink frog (shapeshifter) (Depths:2)
  3 wind drakes
  An ettin zombie (Abyss:1)
  5 air elementals
  2 dream sheep
  19 blink frogs
  3 snapping turtles
  A stone giant simulacrum (Vaults:2)
  3 flying skulls
  12 wraiths
  Sigmund (D:6)
  A vampire (Abyss:1)
  12 fire elementals
  23 yaks
  8 fire bats
  A yak (shapeshifter) (Vaults:2)
  2 basilisks
  24 water elementals
  16 ynoxinuls
  A wyvern (D:15)
  9 golden eyes
  2 steam dragons
  A human (shapeshifter) (Elf:2)
  3 hungry ghosts
  69 small abominations
  A deep troll zombie (Vaults:3)
  11 chaos spawn
  A yaktaur simulacrum (Vaults:3)
  13 neqoxecs
  3 wargs
  6 vampire mosquitoes
  34 nagas
  A soldier ant (D:15)
  10 insubstantial wisps (Abyss:1)
  6 swamp worms
  4 hydra simulacra (Depths:3)
  An acid dragon (Vaults:1)
  10 water moccasins
  4 hell hounds
  10 porcupines
  A human skeleton (Depths:1)
  8 sky beasts
  37 orc warriors
  5 eyes of draining
  A phantom (D:12)
  A swamp dragon zombie (Abyss:1)
  A black bear (D:12)
  2 necrophages
  6 wolves (Lair:4)
  An ettin simulacrum (Abyss:3)
  12 boggarts
  38 ogres
  2 snapping turtle skeletons (Abyss:1)
  11 centaurs
  16 crocodiles
  A big kobold (D:13)
  22 bullfrogs
  7 earth elementals
  A wyvern zombie (D:13)
  A water moccasin skeleton (D:10)
  3 scorpions
  9 wights
  15 killer bees
  A howler monkey (shapeshifter) (Vaults:3)
  4 electric eels
  7 howler monkeys
  2 human simulacra (Vaults:2)
  12 crimson imps
  4 centaur zombies
  112 starcursed masses
  21 orc priests
  7 hounds
  7 quasits
  A bullfrog skeleton (D:11)
  3 jellies
  21 orc wizards
  9 iron imps
  An iguana (D:8)
  6 worker ants
  The ghost of bombasticus the Shield-Bearer, a weakling GrFi (D:3)
  A hound skeleton (D:7)
  Robin (D:3)
  2 gnolls (D:7)
  7 adders
  A river rat (Sewer)
  10 shadow imps
  10 white imps
  14 ufetubi
  An ooze (D:3)
  2 adder skeletons
  An adder zombie (D:7)
  2 worms
  4 dart slugs
  3 leopard geckos
  95 orcs
  2 giant cockroaches
  8 hobgoblins
  2 jackals (D:2)
  4 quokkas
  3 ball pythons
  4 bats
  5 frilled lizards
  15 goblins
  A jackal skeleton (D:7)
  13 kobolds
  A leopard gecko skeleton (D:5)
  A leopard gecko zombie (D:7)
  A quokka skeleton (D:8)
  11 rats
  A bush (Abyss:1)
  7 fungi
  21 plants
  11 starspawn tentacles
2522 creatures vanquished.

Vanquished Creatures (collateral kills)
  A juggernaut (Zig:7)
  Rupert (Lair:5)
  5 nagarajas
  An orc warlord (Orc:2)
  A minotaur (Lab)
  A merfolk impaler (Shoals:4)
  A fire dragon (Depths:2)
  3 hydras
  2 naga warriors
  A two-headed ogre (D:15)
  A death scarab (Zig:8)
  2 naga sharpshooters
  A deep elf knight (Vaults:1)
  An iron troll (Depths:1)
  2 salamander mystics (Snake:2)
  A sea snake (Shoals:3)
  A deep elf archer (Elf:1)
  A faun (Shoals:3)
  A deep elf mage (Vaults:3)
  An orc knight (D:15)
  An orc sorcerer (Zig:7)
  An elephant (Lair:3)
  3 merfolk sirens
  A black mamba (Snake:2)
  A torpor snail (Lair:5)
  A naga mage (Snake:3)
  A spiny frog (Lair:3)
  A rime drake (Lair:6)
  A tyrant leech (Lair:4)
  2 trolls
  2 slime creatures (Depths:2)
  8 dream sheep
  A flying skull (Zig:8)
  3 yaks
  A basilisk (Lair:6)
  A wyvern (D:10)
  A hungry ghost (D:8)
  A vampire mosquito (Lair:6)
  Edmund (D:5)
  2 nagas (Snake:2)
  A porcupine (D:8)
  A water moccasin (Lair:6)
  A black bear (D:8)
  3 orc warriors
  A sky beast (D:8)
  A necrophage (D:10)
  5 ogres
  A crocodile (D:8)
  4 big kobolds (Sewer)
  3 bullfrogs
  A small abomination (Abyss:1)
  2 scorpions
  2 wights
  A howler monkey (D:7)
  2 crimson imps
  A bullfrog zombie (D:4)
  2 orc priests
  3 hounds
  2 bullfrog skeletons (D:4)
  An iguana (D:6)
  3 orc wizards
  5 gnolls
  6 adders
  2 river rats
  2 shadow imps (D:5)
  5 oozes
  5 worms
  2 leopard geckos
  12 orcs
  A goblin (D:3)
  A hobgoblin (D:3)
  2 jackals (D:2)
  2 kobolds (D:2)
  A quokka (D:4)
  6 ball pythons
  3 frilled lizards
  A leopard gecko skeleton (D:4)
  2 rats
162 creatures vanquished.

Vanquished Creatures (others)
  2 merfolk javelineers (Shoals:4)
  30 dancing weapons
  A naga sharpshooter (Snake:1)
  A deep elf mage (Elf:2)
  2 cyclopes
  A faun (Shoals:2)
  A black mamba (Snake:4)
  2 merfolk (Shoals:3)
  A golden eye (Abyss:1)
  A small abomination (Abyss:1)
  4 hydra simulacra (Depths:3)
  3 orc warriors
  A boggart (Depths:4)
  2 killer bees (D:9)
  A bullfrog zombie (D:9)
  A hound (D:12)
  A quasit (Abyss:1)
  An adder (D:9)
  61 fungi
  3 lurking horrors (Abyss:1)
  92 plants
  57 starspawn tentacles
  12 tentacles
281 creatures vanquished.

Grand Total: 2965 creatures vanquished

Notes
Turn   | Place    | Note
-------+----------+-------------------------------------------
     0 | D:1      | DrEnzyme the Octopode Wanderer began the quest for the Orb.
     0 | D:1      | DrEnzyme set off with: 12 poisoned needles, a +0 blowgun, a ration
     0 | D:1      | Reached XP level 1. HP: 11/11 MP: 4/4
     2 | D:1      | Learned a level 1 spell: Apportation
   302 | D:1      | Learned a level 1 spell: Apportation
   304 | D:1      | Learned a level 1 spell: Magic Dart
   326 | D:1      | You fall through a shaft!
   553 | D:1      | Reached skill level 1 in Stealth
   553 | D:1      | Reached XP level 2. HP: 18/18 MP: 6/6
   672 | D:1      | Learned a level 2 spell: Call Imp
   943 | D:1      | Reached skill level 1 in Fighting
  1337 | D:1      | Reached XP level 3. HP: 23/23 MP: 7/7
  2548 | D:3      | Noticed bombasticus's ghost (weakling GrFi)
  2593 | D:3      | Reached XP level 4. HP: 28/28 MP: 9/9
  2685 | D:3      | Noticed Robin
  3156 | D:3      | Killed Robin
  3322 | D:3      | Learned a level 2 spell: Blink
  3590 | D:4      | Reached skill level 2 in Fighting
  3603 | D:4      | Reached XP level 5. HP: 29/34 MP: 2/10
  3660 | D:4      | Found a glowing drain.
  3715 | Sewer    | Entered a sewer
  3819 | Sewer    | Noticed a big kobold
  3837 | Sewer    | Killed a big kobold
  4215 | Sewer    | Noticed a big kobold
  4236 | Sewer    | Killed a big kobold
  4236 | Sewer    | Reached XP level 6. HP: 37/41 MP: 1/12
  4899 | Sewer    | Reached skill level 3 in Fighting
  5151 | D:4      | Found an ornate altar of the Wu Jian Council.
  5152 | D:4      | Found a stormy altar of Qazlal.
  5295 | D:4      | Reached XP level 7. HP: 28/46 MP: 9/13
  5304 | D:4      | Found a basalt altar of Yredelemnul.
  5720 | D:4      | Found a staircase to the Ecumenical Temple.
  5729 | Temple   | Entered the Ecumenical Temple
  5946 | Temple   | Became a worshipper of Gozag Ym Sagoz the Greedy
  6044 | D:4      | Reached skill level 5 in Stealth
  6233 | D:5      | Entered Level 5 of the Dungeon
  6364 | D:5      | Noticed Edmund
  7704 | D:5      | Reached skill level 4 in Fighting
  7704 | D:5      | Reached skill level 1 in Short Blades
  8533 | D:5      | Killed Edmund
  8681 | D:6      | Reached skill level 5 in Spellcasting
  8681 | D:6      | Reached XP level 8. HP: 54/54 MP: 2/15
  8926 | D:6      | Found a sacrificial altar of Ru.
  9533 | D:6      | Noticed Sigmund
 10140 | D:7      | Reached skill level 5 in Fighting
 10340 | D:7      | Found Fumav's Weapon Boutique.
 10504 | D:6      | Killed Sigmund
 10744 | D:7      | Noticed a seven-headed hydra
 11041 | D:7      | Found a shadowy altar of Dithmenos.
 11529 | D:6      | Reached XP level 9. HP: 42/61 MP: 6/16
 12676 | D:8      | Noticed a gargoyle
 12913 | D:8      | Killed a gargoyle
 13204 | D:8      | Noticed loopi's ghost (novice OgFE)
 13453 | D:8      | Reached skill level 6 in Fighting
 13688 | D:8      | Reached skill level 1 in Shields
 13701 | D:8      | Killed loopi's ghost
 13701 | D:8      | Reached skill level 5 in Summonings
 13821 | D:8      | Noticed a hornet
 13998 | D:9      | Found a staircase to the Lair.
 14000 | D:9      | Noticed Coldfire's ghost (novice VSFi)
 14827 | D:9      | Reached skill level 7 in Fighting
 14968 | D:9      | HP: 3/64 [Coldfire's ghost (10)]
 15307 | D:8      | Bought a scroll labeled RIROCVIESK for 24 gold pieces
 15463 | D:8      | Bought a scroll labeled VITONI TIQEECW for 24 gold pieces
 15537 | D:8      | Reached XP level 10. HP: 68/71 MP: 8/17
 15693 | D:8      | Reached skill level 1 in Long Blades
 16366 | D:9      | Reached skill level 1 in Dodging
 17441 | D:10     | Entered Level 10 of the Dungeon
 18405 | D:10     | Reached skill level 8 in Fighting
 18763 | D:11     | Found Xuumenia's Jewellery Shop.
 18770 | D:11     | Bought the ring "Ehet" {Str+3 Int+3 Dex+3} for 529 gold pieces
 18771 | D:11     | Bought a +3 amulet of reflection for 235 gold pieces
 18771 | D:11     | Bought a +2 ring of protection for 150 gold pieces
 19015 | D:11     | Noticed a two-headed ogre
 19113 | D:11     | Reached XP level 11. HP: 66/77 MP: 18/18
 19479 | D:11     | Noticed a deep elf mage
 19480 | D:11     | Noticed a deep elf mage
 19480 | D:11     | Noticed a deep elf mage
 19480 | D:11     | Noticed a deep elf mage
 19480 | D:11     | Noticed a deep elf mage
 19480 | D:11     | Noticed a deep elf mage
 19480 | D:11     | Noticed a deep elf mage
 19480 | D:11     | Noticed a deep elf mage
 19480 | D:11     | Noticed a deep elf mage
 19480 | D:11     | Noticed a deep elf mage
 19496 | D:12     | Found Witigeut's Antique Armour Shoppe.
 19507 | D:12     | Bought a shiny buckler for 187 gold pieces
 19530 | D:12     | Noticed a deep elf mage
 19692 | D:9      | Killed Coldfire's ghost
 19985 | Lair:1   | Entered Level 1 of the Lair of Beasts
 20051 | Lair:1   | Reached skill level 5 in Long Blades
 20234 | Lair:1   | Reached skill level 5 in Dodging
 20826 | Lair:1   | Reached skill level 9 in Fighting
 21502 | Lair:2   | Learned a level 4 spell: Summon Ice Beast
 21559 | Lair:2   | Noticed Nergalle
 21598 | Lair:2   | Noticed a five-headed hydra
 22081 | Lair:2   | Found a staircase to the Snake Pit.
 22191 | Lair:2   | Killed a five-headed hydra
 22191 | Lair:2   | Reached skill level 1 in Evocations
 22614 | Lair:3   | Noticed an eight-headed hydra
 22632 | Lair:3   | Killed an eight-headed hydra
 22632 | Lair:3   | Reached XP level 12. HP: 71/86 MP: 21/21
 22736 | Lair:3   | Found a staircase to the Shoals.
 22736 | Lair:3   | Noticed an eight-headed hydra
 22851 | Lair:3   | HP: 3/87 [electric eel/bolt of electricity (10)]
 23390 | Lair:3   | Noticed an eight-headed hydra
 23542 | Lair:3   | Reached skill level 10 in Fighting
 23963 | Lair:3   | You fall through a shaft for 3 floors!
 23963 | Lair:6   | Entered Level 6 of the Lair of Beasts
 23963 | Lair:6   | Found a labyrinth entrance.
 23978 | Lair:6   | Killed an eight-headed hydra
 23990 | Lab      | Entered a labyrinth
 24310 | Lab      | Noticed a minotaur
 24324 | Lab      | Killed a minotaur
 24360 | Lab      | Got a slimy fustibalus
 24488 | Lair:6   | Reached skill level 5 in Evocations
 25588 | Lair:4   | Noticed a six-headed hydra
 25729 | Lair:4   | Killed a six-headed hydra
 25739 | Lair:4   | Reached XP level 13. HP: 63/93 MP: 4/22
 26177 | Lair:4   | Identified the cursed +3 fustibalus of the Sea {venom, rElec Int-4 Dex+5} (You found it in a labyrinth)
 26677 | Lair:5   | Reached skill level 1 in Slings
 26768 | Lair:5   | Found a viscous altar of Jiyva.
 26787 | Lair:5   | Reached skill level 11 in Fighting
 26829 | Lair:5   | Found a staircase to the Slime Pits.
 27775 | Lair:5   | Noticed Rupert
 27820 | Lair:5   | Killed Rupert
 28075 | Lair:5   | Noticed Urug
 28277 | Lair:5   | Killed Urug
 28953 | Lair:6   | Reached skill level 5 in Slings
 29024 | Lair:6   | Reached XP level 14. HP: 102/102 MP: 23/23
 29115 | Lair:6   | Reached skill level 10 in Long Blades
 29627 | Lair:6   | Reached skill level 12 in Fighting
 29675 | Lair:6   | Reached skill level 10 in Dodging
 29826 | Lair:6   | Reached skill level 1 in Conjurations
 30704 | D:3      | Killed bombasticus's ghost
 31608 | D:11     | Found a staircase to the Orcish Mines.
 31611 | Orc:1    | Entered Level 1 of the Orcish Mines
 31978 | D:9      | Bought a scroll of acquirement for 832 gold pieces
 31982 | D:9      | Got a smoking lapis lazuli ring
 31983 | D:9      | Identified the ring "Ycuc" {rC+ Str-3 Int+6} (You acquired it on level 9 of the Dungeon)
 32083 | Orc:2    | Entered Level 2 of the Orcish Mines
 32161 | Orc:2    | Found a roughly hewn altar of Beogh.
 32214 | Orc:2    | Found a roughly hewn altar of Beogh.
 32268 | Orc:2    | Found a roughly hewn altar of Beogh.
 32326 | Orc:2    | Found a roughly hewn altar of Beogh.
 32371 | Orc:2    | Found Taororr's Armour Shoppe.
 32692 | Orc:2    | Found a staircase to the Elven Halls.
 32792 | Orc:2    | Found a roughly hewn altar of Beogh.
 32839 | Orc:2    | Found a roughly hewn altar of Beogh.
 32845 | Orc:2    | Found Usoichye's Distillery.
 32860 | Orc:2    | Bought a potion of haste for 110 gold pieces
 32860 | Orc:2    | Bought a potion of haste for 110 gold pieces
 32860 | Orc:2    | Bought a potion of curing for 33 gold pieces
 32860 | Orc:2    | Bought a potion of magic for 88 gold pieces
 32964 | Orc:2    | Found a roughly hewn altar of Beogh.
 33197 | Orc:2    | Noticed an orc warlord
 33661 | Orc:2    | Found Oledenes's Antique Armour Boutique.
 33662 | Orc:2    | Found a roughly hewn altar of Beogh.
 33671 | Orc:2    | Found Fozu's Antique Weapon Shop.
 33675 | Orc:2    | Killed an orc warlord
 34436 | Orc:2    | Bought the -2 hat of the Alchemist {rElec rPois rF+ rC+ rN+ MR+ rMut rCorr} for 755 gold pieces
 34436 | Orc:2    | Found the -2 hat of the Alchemist {rElec rPois rF+ rC+ rN+ MR+ rMut rCorr}
 34588 | D:12     | Found a blossoming altar of Fedhas.
 35989 | D:13     | Found a gate to the Vaults.
 36054 | D:13     | Reached XP level 15. HP: 109/109 MP: 14/25
 36379 | D:13     | Noticed Sonja
 36383 | D:13     | Killed Sonja
 36383 | D:13     | Reached skill level 13 in Fighting
 36542 | D:9      | Learned a level 3 spell: Regeneration
 36548 | D:9      | Bought a scroll of identify for 32 gold pieces
 36554 | D:9      | Bought a scroll of identify for 32 gold pieces
 36558 | D:9      | Bought a scroll of teleportation for 48 gold pieces
 36563 | D:9      | Learned a level 3 spell: Conjure Flame
 36571 | D:9      | Learned a level 7 spell: Orb of Destruction
 36747 | D:14     | Noticed Nessos
 37409 | D:8      | Bought the +2 Maxwell's thermic engine {flame, freeze, rF- rC-} for 888 gold pieces
 37409 | D:8      | Found the +2 Maxwell's thermic engine {flame, freeze, rF- rC-}
 37409 | D:8      | Bought a scroll of teleportation for 72 gold pieces
 37622 | Elf:1    | Entered Level 1 of the Elven Halls
 37939 | Elf:1    | Identified the Compendium of Companions
 37946 | Elf:1    | Learned a level 1 spell: Summon Butterflies
 38341 | Elf:1    | Found Durgh's Gadget Shoppe.
 38341 | Elf:1    | Found Pes Buorph's Jewellery Shop.
 38342 | Elf:1    | Found Caxt's Gadget Shoppe.
 38664 | Elf:1    | Reached skill level 5 in Conjurations
 39460 | Shoals:1 | Entered Level 1 of the Shoals
 40035 | Elf:1    | Bought a +3 ring of protection for 315 gold pieces
 40393 | D:15     | Entered Level 15 of the Dungeon
 40452 | D:15     | Found Osib's Assorted Antiques.
 40471 | D:15     | Bought a potion of curing for 78 gold pieces
 40811 | D:15     | Found a burning altar of Makhleb.
 40842 | D:15     | Found a blossoming altar of Fedhas.
 40922 | D:15     | Found Pikusiav's Armour Emporium.
 40963 | D:15     | Reached XP level 16. HP: 107/118 MP: 27/27
 41700 | Snake:1  | Entered Level 1 of the Snake Pit
 42947 | Snake:1  | Reached skill level 14 in Fighting
 43516 | Snake:1  | Reached skill level 5 in Shields
 44669 | Snake:2  | Found a transporter.
 44674 | Snake:2  | Found a radiant altar of Vehumet.
 44689 | Snake:2  | Noticed Vashnia
 46578 | Snake:3  | Learned a level 7 spell: Spellforged Servitor
 46600 | Snake:3  | Noticed Saint Roka
 47772 | Snake:4  | Entered Level 4 of the Snake Pit
 47913 | Snake:4  | Found an iron altar of Okawaru.
 49243 | Shoals:2 | Reached XP level 17. HP: 126/126 MP: 28/28
 49505 | Shoals:1 | Got a sparkling pewter ring
 49507 | Shoals:1 | Identified the ring "Qutayn" {+Fly rPois Str+2} (You acquired it on level 1 of the Shoals)
 49911 | Shoals:2 | Noticed Guenter's ghost (journeyman VSWn)
 50904 | Shoals:2 | Killed Guenter's ghost
 51033 | Shoals:3 | Noticed Nikola
 51220 | Shoals:3 | Noticed Mara
 51226 | Shoals:3 | Noticed DrEnzyme's illusion
 51457 | Shoals:3 | Found Ukurull's Assorted Antiques.
 51620 | Shoals:3 | Reached skill level 10 in Shields
 51661 | Shoals:3 | Noticed a kraken
 51806 | Shoals:3 | Noticed Polyphemus
 51831 | Shoals:3 | Killed Polyphemus
 51831 | Shoals:3 | Reached skill level 15 in Fighting
 52140 | Shoals:3 | HP: 6/127 [Nikola/chain lightning (8)]
 52146 | Shoals:3 | Killed Nikola
 52146 | Shoals:3 | Reached skill level 1 in Necromancy
 52484 | Shoals:4 | Entered Level 4 of the Shoals
 52652 | Shoals:4 | Got a faintly glowing zirconium amulet
 52653 | Shoals:4 | Identified the amulet of Ylaph {RegenMP rN+ Slay+2} (You found it on level 4 of the Shoals)
 53108 | Shoals:4 | Noticed Ilsuiw
 53420 | Shoals:3 | Upgraded the game from 0.22-a0-456-g11ed031 to 0.22-a0-457-g461d14e
 53420 | Shoals:3 | Upgraded the game from 0.22-a0-457-g461d14e to 0.22-a0-458-gb446440
 53715 | Shoals:4 | Noticed a kraken
 53975 | Shoals:4 | Found the +2 mace of Variability {chaos}
 53981 | Shoals:4 | Reached XP level 18. HP: 102/134 MP: 13/29
 54124 | Shoals:4 | Killed Ilsuiw
 54291 | Shoals:4 | Got a barnacled rune of Zot
 54486 | D:9      | Gained mutation: Your magical capacity is low. (-10% MP) [potion of mutation]
 54486 | D:9      | Lost mutation: Your magical capacity is low. (-10% MP) [potion of mutation]
 54486 | D:9      | Gained mutation: You are resistant to hostile enchantments. (MR+) [potion of mutation]
 54486 | D:9      | Gained mutation: Your muscles are strong. (Str +2) [potion of mutation]
 55174 | Elf:2    | Found Powni's Antique Weapon Emporium.
 55204 | Elf:2    | Found a runed gate.
 55204 | Elf:2    | Found a runed gate.
 55204 | Elf:2    | Found a runed gate.
 55774 | Elf:2    | Noticed Azrael
 55791 | Elf:2    | Killed Azrael
 56316 | D:9      | Bought a ration for 65 gold pieces
 56316 | D:9      | Bought a ration for 65 gold pieces
 56316 | D:9      | Bought a ration for 65 gold pieces
 56527 | Elf:3    | Entered Level 3 of the Elven Halls
 56649 | Elf:3    | Reached skill level 16 in Fighting
 56832 | Elf:3    | Found Pofid's Armour Emporium.
 57133 | Elf:3    | Noticed a deep elf master archer
 57159 | Elf:3    | Killed a deep elf master archer
 57372 | Elf:3    | Noticed a deep elf blademaster
 57388 | Elf:3    | Killed a deep elf blademaster
 57388 | Elf:3    | Reached skill level 15 in Dodging
 57546 | Elf:3    | Noticed a deep elf blademaster
 57556 | Elf:3    | Killed a deep elf blademaster
 57701 | Elf:3    | Reached XP level 19. HP: 133/143 MP: 30/30
 58177 | Elf:3    | Noticed a Tzitzimitl
 59400 | D:9      | Bought a ration for 65 gold pieces
 59400 | D:9      | Bought a ration for 65 gold pieces
 59400 | D:9      | Bought a ration for 65 gold pieces
 59823 | Snake:4  | Noticed Roxanne
 60287 | Snake:4  | Killed Roxanne
 60333 | Snake:4  | Reached skill level 17 in Fighting
 60733 | Snake:4  | Noticed Louise
 60794 | Snake:4  | Killed Louise
 60842 | Snake:4  | Noticed Aizul
 60892 | Snake:4  | Killed Aizul
 62165 | Snake:4  | Reached XP level 20. HP: 79/151 MP: 29/31
 62772 | Snake:4  | Got a serpentine rune of Zot
 63364 | D:9      | Bought a ration for 65 gold pieces
 63364 | D:9      | Bought a ration for 65 gold pieces
 63364 | D:9      | Bought a ration for 65 gold pieces
 63364 | D:9      | Bought a ration for 65 gold pieces
 63364 | D:9      | Bought a ration for 65 gold pieces
 63364 | D:9      | Bought a ration for 65 gold pieces
 63940 | Elf:3    | Reached skill level 15 in Shields
 64486 | Elf:3    | Identified the Incunabulum of Beguiling
 64679 | Elf:3    | Got a bloodstained dagger {pierce}
 64682 | Elf:3    | Identified the +11 dagger of Qeuntuso {pierce, *Drain rElec rPois MR++} (You took it off a deep elf annihilator on level 3 of the Elven Halls)
 64961 | D:9      | Bought the ring "Lueczok" {rPois MR- Int+5 Slay+2} for 849 gold pieces
 65318 | D:15     | Found a staircase to the Depths.
 65340 | Depths:1 | Entered Level 1 of the Depths
 65342 | Depths:1 | Found Wupel's Antique Armour Emporium.
 65400 | Depths:1 | Reached skill level 5 in Short Blades
 65410 | Depths:1 | Found a gateway to Hell.
 65513 | Depths:1 | Got an iridescent glaive
 65767 | Depths:1 | Reached skill level 18 in Fighting
 66523 | Depths:1 | Found a one-way gate leading to the halls of Pandemonium.
 66813 | Depths:1 | Found a one-way gate to the infinite horrors of the Abyss.
 66935 | Depths:1 | Learned a level 2 spell: Shroud of Golubria
 66939 | Depths:1 | Learned a level 3 spell: Portal Projectile
 67073 | Depths:1 | Reached XP level 21. HP: 159/159 MP: 32/32
 67530 | D:9      | Identified the +4 glaive of Demonkind {chop, Stlth+} (You found it on level 1 of the Depths)
 67949 | Depths:1 | Reached skill level 1 in Translocations
 68234 | Depths:2 | Found a corrupted altar of Lugonu.
 68241 | Depths:2 | Identified Lugonu's Grimoire of Unholy Rituals
 68291 | Depths:2 | Found Deytiaqo's Antique Armour Shoppe.
 69362 | D:9      | Bought a ration for 65 gold pieces
 69362 | D:9      | Bought a ration for 65 gold pieces
 69362 | D:9      | Bought a ration for 65 gold pieces
 69362 | D:9      | Bought a ration for 65 gold pieces
 69362 | D:9      | Bought a ration for 65 gold pieces
 69362 | D:9      | Bought a ration for 65 gold pieces
 69362 | D:9      | Bought a ration for 65 gold pieces
 69362 | D:9      | Bought a ration for 65 gold pieces
 69362 | D:9      | Bought a ration for 65 gold pieces
 69362 | D:9      | Bought a ration for 65 gold pieces
 69452 | Vaults:1 | Entered Level 1 of the Vaults
 71118 | Vaults:2 | Reached skill level 19 in Fighting
 71692 | Vaults:2 | Reached skill level 5 in Translocations
 71760 | Vaults:2 | Reached XP level 22. HP: 169/169 MP: 33/33
 71876 | Vaults:2 | Found a staircase to the Crypt.
 72283 | Vaults:3 | Noticed Bai Suzhen
 73025 | Vaults:3 | Noticed Donald
 73037 | Vaults:3 | Killed Donald
 74156 | Vaults:3 | Killed Bai Suzhen
 74774 | Vaults:4 | Found Wiofih's Magic Scroll Boutique.
 74787 | Vaults:4 | Reached skill level 20 in Fighting
 74812 | Vaults:4 | Found a flickering gateway to a bazaar.
 74844 | Bazaar   | Entered a bazaar
 74844 | Bazaar   | Found Teduck's Book Shoppe.
 74844 | Bazaar   | Found Qigu's Food Emporium.
 74845 | Bazaar   | Found Bapixt's Weapon Shoppe.
 74845 | Bazaar   | Found Caybeid's Antique Armour Emporium.
 74884 | Bazaar   | Bought a ration for 45 gold pieces
 74884 | Bazaar   | Bought a ration for 45 gold pieces
 74884 | Bazaar   | Bought a ration for 45 gold pieces
 74884 | Bazaar   | Bought a ration for 45 gold pieces
 74884 | Bazaar   | Bought a ration for 45 gold pieces
 74884 | Bazaar   | Bought a ration for 45 gold pieces
 74884 | Bazaar   | Bought a ration for 45 gold pieces
 74884 | Bazaar   | Bought a ration for 45 gold pieces
 74884 | Bazaar   | Bought a ration for 45 gold pieces
 75021 | Vaults:4 | Bought a scroll of magic mapping for 49 gold pieces
 75410 | Vaults:4 | Reached skill level 10 in Evocations
 75631 | Vaults:4 | Reached XP level 23. HP: 117/176 MP: 30/34
 76311 | D:9      | Bought a scroll of magic mapping for 59 gold pieces
 76311 | D:9      | Bought a scroll of teleportation for 51 gold pieces
 76316 | D:9      | Got a sparkling ivory amulet
 76318 | D:9      | Identified the amulet of the Many Lovers {RegenMP *Drain rElec Int+3 Dex+4} (You acquired it on level 9 of the Dungeon)
 76342 | D:9      | Learned a level 2 spell: Song of Slaying
 77060 | Depths:2 | Noticed a golden dragon
 77093 | Depths:2 | Killed a golden dragon
 78507 | Depths:3 | Reached skill level 21 in Fighting
 78717 | Depths:3 | Noticed a juggernaut
 78769 | Depths:3 | Killed a juggernaut
 79105 | D:9      | Bought a +5 ring of protection for 825 gold pieces
 79329 | Depths:1 | Voluntarily entered the Abyss.
 80116 | Abyss:3  | Reached XP level 24. HP: 180/187 MP: 34/34
 80149 | Abyss:3  | Gained mutation: Your magical capacity is low. (-10% MP) [a neqoxec]
 80804 | Abyss:3  | Found a glowing golden altar of the Shining One.
 80882 | Abyss:3  | Found a glowing golden altar of the Shining One.
 80900 | Abyss:3  | Noticed a juggernaut
 80932 | Abyss:3  | Got an abyssal rune of Zot
 81165 | Depths:1 | Escaped the Abyss
 81178 | Depths:1 | Voluntarily entered the Abyss.
 81240 | Abyss:1  | Noticed an ancient lich
 81530 | Depths:1 | Escaped the Abyss
 82396 | Depths:3 | Found the +8 frozen axe "Frostbite" {freezing cloud, *Noise +Fly rC+}
 82644 | Depths:1 | Voluntarily entered the Abyss.
 82687 | Abyss:1  | Found a corrupted altar of Lugonu.
 82814 | Depths:1 | Escaped the Abyss
 82816 | Depths:1 | Voluntarily entered the Abyss.
 82894 | Abyss:1  | Gained mutation: Scrolls take you a little longer to read. [a neqoxec]
 83041 | Depths:1 | Escaped the Abyss
 83043 | Depths:1 | Voluntarily entered the Abyss.
 83292 | Depths:1 | Escaped the Abyss
 83297 | Depths:1 | Voluntarily entered the Abyss.
 83358 | Abyss:1  | Found a corrupted altar of Lugonu.
 83445 | Abyss:1  | Reached skill level 22 in Fighting
 83484 | Abyss:1  | Got a steaming leather armour
 83518 | Depths:1 | Escaped the Abyss
 83700 | D:9      | Bought a scroll of fog for 20 gold pieces
 83700 | D:9      | Bought a scroll of teleportation for 30 gold pieces
 83700 | D:9      | Bought a scroll of magic mapping for 35 gold pieces
 83910 | Depths:1 | Identified the +4 leather armour "Xeagre Emukh" {rC+} (You found it on level 1 of the Abyss)
 83924 | Depths:1 | Voluntarily entered the Abyss.
 84046 | Depths:1 | Escaped the Abyss
 84077 | Depths:1 | Voluntarily entered the Abyss.
 84077 | Abyss:1  | Found a corrupted altar of Lugonu.
 84632 | Abyss:1  | Noticed an ancient lich
 84648 | Depths:1 | Escaped the Abyss
 84706 | Depths:1 | Voluntarily entered the Abyss.
 84997 | Depths:1 | Escaped the Abyss
 84999 | Depths:1 | Voluntarily entered the Abyss.
 85022 | Abyss:1  | Reached XP level 25. HP: 186/195 MP: 30/30
 85080 | Abyss:1  | Paralysed by accursed screaming for 1 turns
 85086 | Abyss:1  | Paralysed by accursed screaming for 1 turns
 85325 | Depths:1 | Escaped the Abyss
 85338 | Depths:1 | Lost mutation: Your magical capacity is low. (-10% MP) [potion of mutation]
 85338 | Depths:1 | Lost mutation: Your muscles are strong. (Str +2) [potion of mutation]
 85338 | Depths:1 | Lost mutation: You are resistant to hostile enchantments. (MR+) [potion of mutation]
 85338 | Depths:1 | Lost mutation: Scrolls take you a little longer to read. [potion of mutation]
 85338 | Depths:1 | Gained mutation: Your mind is acute. (Int +2) [potion of mutation]
 85338 | Depths:1 | Gained mutation: You are frail. (-10% HP) [potion of mutation]
 85338 | Depths:1 | Gained mutation: You are somewhat resistant to further mutation. [potion of mutation]
 85339 | Depths:1 | Lost mutation: Your mind is acute. (Int +2) [potion of mutation]
 85339 | Depths:1 | Lost mutation: You are frail. (-10% HP) [potion of mutation]
 85339 | Depths:1 | Lost mutation: You are somewhat resistant to further mutation. [potion of mutation]
 85339 | Depths:1 | Gained mutation: Your system is resistant to poisons. (rPois) [potion of mutation]
 85339 | Depths:1 | Gained mutation: You possess an exceptional clarity of mind. [potion of mutation]
 85339 | Depths:1 | Gained mutation: One of your tentacles bears a spike. [potion of mutation]
 85351 | Depths:1 | Voluntarily entered the Abyss.
 85367 | Abyss:1  | Noticed an ancient lich
 85400 | Abyss:1  | Found a stormy altar of Qazlal.
 86060 | Depths:1 | Escaped the Abyss
 86392 | Depths:4 | Found a gateway to a ziggurat.
 87155 | Depths:4 | Identified the cursed +1 rapier of Nuras {venom, rC+} (You found it on level 4 of the Depths)
 87511 | Depths:4 | Found a portal to a secret trove of treasure.
 87747 | Depths:5 | Entered Level 5 of the Depths
 87747 | Depths:5 | Noticed Frederick
 87755 | Depths:5 | Killed Frederick
 88814 | Snake:2  | Noticed Jorgrun
 88828 | Snake:2  | Reached skill level 23 in Fighting
 88870 | Snake:2  | Killed Jorgrun
 88928 | Snake:2  | Found a transporter.
 89274 | Depths:1 | Voluntarily entered the Abyss.
 89685 | Abyss:1  | Gained mutation: You are frail. (-10% HP) [a cacodemon]
 89731 | Abyss:1  | Found a corrupted altar of Lugonu.
 89754 | Abyss:1  | Paralysed by accursed screaming for 1 turns
 89859 | Depths:1 | Escaped the Abyss
 89862 | Depths:1 | Reached XP level 26. HP: 134/184 MP: 31/34
 89953 | Depths:1 | Voluntarily entered the Abyss.
 89959 | Abyss:1  | Found a corrupted altar of Lugonu.
 90195 | Abyss:1  | Found a corrupted altar of Lugonu.
 90467 | Abyss:1  | Found a corrupted altar of Lugonu.
 90618 | Abyss:1  | Paralysed by accursed screaming for 2 turns
 90646 | Abyss:1  | Got a translucent ivory amulet
 90686 | Depths:1 | Escaped the Abyss
 90806 | Depths:1 | Identified the amulet "Huigeh" {+Rage Int+3 Dex+6} (You found it on level 1 of the Abyss)
 90818 | Depths:1 | Voluntarily entered the Abyss.
 90826 | Abyss:1  | Got a pair of heavily runed boots
 91883 | Depths:1 | Escaped the Abyss
 91885 | Depths:1 | Voluntarily entered the Abyss.
 91969 | Abyss:1  | Found a corrupted altar of Lugonu.
 92468 | Depths:1 | Escaped the Abyss
 92748 | Slime:1  | Entered Level 1 of the Pits of Slime
 93855 | Slime:1  | Gained mutation: Your body sometimes deteriorates upon taking damage. [a shining eye]
 93856 | Slime:1  | Gained mutation: You occasionally shout uncontrollably at your foes. [a shining eye]
 94116 | Slime:4  | Gained mutation: You are resistant to hostile enchantments. (MR+) [a shining eye]
 94138 | Slime:5  | Entered Level 5 of the Pits of Slime
 94304 | Slime:5  | Noticed the Royal Jelly
 94448 | Slime:5  | Gained mutation: You sometimes yell uncontrollably at your foes. [a shining eye]
 94465 | Slime:5  | Reached XP level 27. HP: 96/191 MP: 34/34
 94864 | Slime:5  | Found a viscous altar of Jiyva.
 95502 | Elf:1    | Bought a wand of scattershot (5) for 459 gold pieces
 95801 | Slime:3  | Gained mutation: You are clumsy. (Dex -2) [a shining eye]
 95880 | Slime:5  | Killed the Royal Jelly
 96312 | Slime:5  | Identified the Disquisition on Destructive Transformation
 96330 | Slime:5  | Identified the Papyrus of Displaced Moulding
 96352 | Slime:5  | Got a translucent lead ring
 96358 | Slime:5  | Identified the ring of Nicufe {rElec MR+ Dex+4} (You found it on level 5 of the Pits of Slime)
 96375 | Slime:5  | Got a wavering zirconium amulet
 96376 | Slime:5  | Identified the amulet "Zextypn" {+Rage rF+ Int+4} (You found it on level 5 of the Pits of Slime)
 96380 | Slime:5  | Got a slimy rune of Zot
 96888 | Depths:4 | Upgraded the game from 0.22-a0-458-gb446440 to 0.22-a0-460-g49b1da7
 96937 | Depths:4 | Voluntarily entered the Abyss.
 97225 | Depths:4 | Escaped the Abyss
 97246 | Depths:4 | Voluntarily entered the Abyss.
 97275 | Abyss:1  | Found a radiant altar of Vehumet.
 97310 | Abyss:1  | Paralysed by accursed screaming for 1 turns
 97319 | Abyss:1  | Reached skill level 24 in Fighting
 97394 | Abyss:1  | Found a radiant altar of Vehumet.
 97414 | Abyss:1  | Found a burning altar of Makhleb.
 98260 | Depths:4 | Escaped the Abyss
 98428 | Depths:1 | Voluntarily entered the Abyss.
 98852 | Depths:1 | Escaped the Abyss
 98985 | Depths:1 | Voluntarily entered the Abyss.
 99258 | Abyss:1  | Found a corrupted altar of Lugonu.
 99263 | Depths:1 | Escaped the Abyss
 99287 | Depths:1 | Lost mutation: Your body sometimes deteriorates upon taking damage. [potion of mutation]
 99287 | Depths:1 | Lost mutation: You are clumsy. (Dex -2) [potion of mutation]
 99287 | Depths:1 | Gained mutation: Your magical capacity is low. (-10% MP) [potion of mutation]
 99287 | Depths:1 | Gained mutation: You have supernaturally acute eyesight. (SInv) [potion of mutation]
 99287 | Depths:1 | Gained mutation: One of your tentacles bears a nasty spike. [potion of mutation]
 99425 | Zig:1    | Entered Level 1 of a ziggurat
 99450 | Zig:2    | Entered Level 2 of a ziggurat
 99678 | Zig:3    | Entered Level 3 of a ziggurat
 99701 | Zig:3    | Got a slimy turquoise ring
 99712 | Zig:3    | Identified the ring "Jihes" {rElec rF+ EV+1 Stlth+} (You found it on level 3 of a ziggurat)
 99718 | Zig:4    | Entered Level 4 of a ziggurat
 99760 | Zig:5    | Entered Level 5 of a ziggurat
 99795 | Zig:5    | Got a brightly glowing granite ring
 99798 | Zig:5    | Identified the ring of Grace {rElec rF+ rN+} (You found it on level 5 of a ziggurat)
 99855 | Zig:6    | Entered Level 6 of a ziggurat
100032 | Zig:7    | Entered Level 7 of a ziggurat
100035 | Zig:7    | Noticed a juggernaut
100049 | Zig:7    | Killed a juggernaut
100105 | Zig:7    | Got a fine great sword
100122 | Zig:8    | Entered Level 8 of a ziggurat
100127 | Zig:8    | Noticed a greater mummy
100131 | Zig:8    | Noticed a greater mummy
100157 | Zig:8    | Killed a greater mummy
100180 | Zig:8    | HP: 7/291 [shadow[a mummy priest's death curse] (8)]
100184 | Zig:8    | Demolished by a death scarab

Vault maps used:
D:1:      dpeg_arrival_signposts, serial_park_tiny_2, minmay_misc_feat_ornament
D:2:      first_ration
D:3:      uniq_robin
D:4:      gammafunk_temple_overflow_statue, minmay_temple_entry_poolview,
          portal_sewer_entry_a, lemuel_statue_altar
D:5:      corexii_shack_village, uniq_edmund
D:6:      lemuel_round_altar, uniq_sigmund
D:7:      nicolae_dithmenos_shadow_blocks, serial_shops, nicolae_shop_stone
D:8:      grunt_ogre_cave
D:9:      due_lair_maze_entry_diamond, lemuel_flamethrower_2
D:10:     serial_curves, eino_curves_01, eino_curves_03, grunt_ministairs_5
D:11:     orc_0_dummy, serial_shops, shop, elves_outpost_lemuel
D:12:     serial_shops, nicolae_shop_crystal, minivault_20, fedhas_altar_1
D:13:     uniq_sonja
D:14:     glass_columns_c, uniq_nessos
D:15:     gammafunk_enter_depths_forms, basic_altar, serial_shops,
          nicolae_shop_waterfront, nicolae_shop_overgrown_old_shop,
          lemuel_tele_altar
Temple:   dpeg_five_rooms_temple
Lair:2:   dummy_snake_entry, beast_lair_carwin_7, serial_bayou_shore_b,
          uniq_nergalle
Lair:3:   minmay_shoals_entry_lonely_mermaid, serial_bayou_shore_a,
          infiniplex_staircase_pool_2
Lair:5:   slime_altar_1, worms_lemuel, uniq_urug, uniq_rupert
Lair:6:   minmay_lair_end_frog_pond, lab_entry_generic,
          nicolae_lair_grove_arrangements, minivault_25
Shoals:3: serial_shops, nicolae_shop_statue_plus,
          nicolae_shoals_kraken_intersection, uniq_polyphemus, uniq_mara,
          uniq_nikola
Shoals:4: shoals_end_hangedman, shoals_ilsuiw_ice
Snake:2:  gammafunk_sealed_library, uniq_jorgrun, uniq_vashnia
Snake:3:  uniq_saint_roka
Snake:4:  snake_pit_salamanders_mu, basic_altar, uniq_roxanne, uniq_louise,
          uniq_aizul
Orc:1:    abandoned_shop
Orc:2:    grunt_orc_community_town_hall, grunt_orc_community_big_house_2,
          grunt_orc_community_big_house_2, grunt_orc_community_house_3,
          grunt_orc_community_house_3, grunt_orc_community_house_1,
          grunt_orc_community_house_3, grunt_orc_community_house_3,
          grunt_orc_community_house_2
Elf:1:    eino_elf_arrival_shootout, minmay_elf_demonology,
          serial_sigils_hangedman_scar, minmay_shop_grove
Elf:2:    serial_shops, shop, st_stairs_11, nicolae_elf_big_sculpture_2,
          minivault_27, uniq_azrael
Elf:3:    minmay_elf_hall_hex, serial_shops, nicolae_shop_window_shopping
Vaults:1: nicolae_vaults_little_squares_1, ontoclasm_vaults_gateway,
          vaults_room_door_ring, nicolae_vaults_three_branches,
          vaults_dpeg_doors, v_misc_14, ontoclasm_vaults_ring_large,
          v_alt_pattern_1, ontoclasm_vaults_ring_square,
          nicolae_vaults_network_star, vaults_dpeg_hooks,
          hangedman_vaults_locks, vaults_mumra_hex, v_misc_11,
          vaults_dpeg_encased_lava
Vaults:2: nicolae_vaults_little_squares_1, hangedman_vaults_snaps,
          minmay_crypt_entry_simple_corners, v_misc_9, vaults_room_semicircle,
          v_rooms_4, nicolae_vaults_mini_display_case, ontoclasm_vaults_fault,
          v_misc_16, nicolae_vaults_triangles, v_misc_25,
          ontoclasm_vaults_shuriken, v_rooms_3
Vaults:3: nicolae_vaults_network_s, st_lines, grunt_vaults_trifunnel,
          nicolae_vaults_circle_grid_b, nicolae_vaults_diagonal_hallway_8,
          v_misc_22, grunt_vaults_hallway_long, v_pattern_2,
          nicolae_vaults_theta, nicolae_vaults_little_squares_4,
          vaults_room_pool, v_alt_pattern_1, uniq_bai_suzhen, uniq_donald
Vaults:4: ontoclasm_vaults_ring_small, nicolae_vaults_stairing_the_circle,
          hangedman_vaults_capsules, v_rooms_1, vaults_room_boxed,
          vaults_mumra_minichess, nicolae_vaults_little_ls,
          hangedman_vaults_stretched_pinwheel, nicolae_vaults_gold_heap,
          vaults_dpeg_diagonal, vaults_room_mumra_shop_pool, serial_shops,
          bzr_entry_lakeside
Depths:1: grunt_pan_entry_zigzag, abyss_entry_small_statue_room, serial_shops,
          shop, hell_entry, columned_hall_lemuel, hangedman_devilish_allure
Depths:2: kennysheep_large_spiral, infiniplex_staircase_pillars_1, serial_shops,
          kennysheep_mini_moat, pf_hell_entry_tar_river, pan_entry,
          tgw_lugonu_bribe
Depths:3: cheibrodos_hall_of_evolution, special_room, pan_entry,
          hangedman_decor_lopped, hell_entry, hex_medium,
          minmay_staircase_windowed_large
Depths:4: minmay_haunted_quarter, enter_ziggurat_a, pf_coc_iceberg, pan_entry,
          nicolae_trove_entry_diagonal, kennysheep_big_empty_room,
          nicolae_abyss_entry_one_way_or_another, nicolae_lava_and_water,
          kennysheep_generic_room_4
Depths:5: evilmike_zot_entry_gauntlet, pf_dread_powers_of_hell, minivault_14,
          minmay_strange_pillars, uniq_frederick
Abyss:1:  bh_abyss_exit_spiral, hangedman_abyss_or_decor_lesser_grid,
          evilmike_abyss_exit_5, evilmike_abyss_exit_plants,
          evilmike_abyss_exit_1, evilmike_abyss_exit_4, evilmike_abyss_exit_10,
          evilmike_abyss_exit_vortex, evilmike_abyss_exit_4,
          evilmike_abyss_exit_glass
Abyss:2:  bh_abyss_xom_lugonu_altar
Abyss:3:  abyss_furniture_001, dshaligram_kb_abyss_rune_zappy_water_cross
Zig:6:    ziggurat_pillar_centre_oklobs
Lab:      labyrinth_hidden_loot, labyrinth_skeletal_remains, nicolae_lab_lava,
          nicolae_lab_diamond, lab_statue
Bazaar:   bazaar_minmay_row
Sewer:    sewer_co_tree

Skill      XL: |  1  2  3  4  5  6  7  8  9 10 11 12 13 14 15 16 17 18 19 20 21 22 23 24 25 26 27 |
---------------+----------------------------------------------------------------------------------+-----
Stealth        | 1 2 3 4 6 7 8 |  8.9
Fighting       | 1 2 3 4 5 7 8 9 10 11 12 13 14 15 16 17 18 19 20 21 22 23 24 | 24.4
Throwing       | 3 4 |  4.0
Spellcasting   | 4 5 6 7 |  7.4
Short Blades   | 1 3 4 6 |  6.1
Summonings     | 3 6 7 8 |  8.1
Shields        | 3 4 8 10 12 14 15 19 21 | 21.2
Long Blades    | 4 6 8 9 11 12 13 | 13.8
Dodging        | 4 6 8 9 11 12 13 14 15 16 17 18 19 20 21 22 23 | 23.8
Evocations     | 2 5 6 8 10 11 13 14 | 14.0
Slings         | 5 |  5.4
Conjurations   | 2 6 |  6.0
Necromancy     | 3 4 |  4.0
Translocations | 5 7 |  7.5
Transmutations | |  1.0
Air Magic      | |  2.0

Action                   |  1- 3 |  4- 6 |  7- 9 | 10-12 | 13-15 | 16-18 | 19-21 | 22-24 | 25-27 || total
-------------------------+-------+-------+-------+-------+-------+-------+-------+-------+-------++-------
Melee: Short sword       |       |       |   163 |       |       |       |       |       |       ||   163
       Constrict         |       |       |    51 |    68 |   153 |   178 |   195 |   208 |   177 ||  1030
       Tentacles         |       |       |    45 |   141 |   263 |   362 |   664 |   885 |   886 ||  3246
       Scimitar          |       |       |    59 |   449 |   620 |   944 |  1400 |  1719 |  1821 ||  7012
       Double sword      |       |       |       |       |   211 |    52 |       |    20 |       ||   283
       Kick              |       |       |       |       |       |       |       |       |  1289 ||  1289
 Fire: Blowgun           |    62 |    58 |    30 |       |    21 |       |       |       |       ||   171
       Hunting sling     |    16 |    71 |    51 |       |       |       |       |       |       ||   138
       Fustibalus        |       |       |       |       |   181 |   270 |   275 |    43 |    60 ||   829
Throw: Tomahawk          |       |     2 |    29 |    31 |       |       |       |       |       ||    62
       Throwing net      |       |       |       |     1 |       |     2 |       |       |       ||     3
       Javelin           |       |       |       |    18 |    48 |    45 |    11 |     1 |     6 ||   129
 Cast: Call Imp          |    21 |    51 |   237 |   113 |     2 |       |       |       |       ||   424
       Magic Dart        |     3 |       |       |       |       |       |       |       |       ||     3
       Blink             |       |       |     6 |     3 |     6 |     2 |    15 |     3 |     8 ||    43
       Summon Ice Beast  |       |       |       |    34 |    45 |    57 |    77 |    23 |       ||   236
       Regeneration      |       |       |       |       |     9 |   129 |   239 |   208 |   238 ||   823
       Summon Butterflie |       |       |       |       |     3 |    12 |    35 |    22 |     8 ||    80
       Conjure Flame     |       |       |       |       |       |     2 |    32 |     9 |       ||    43
       Apportation       |       |       |       |       |       |     1 |       |    21 |    34 ||    56
       Shroud of Golubri |       |       |       |       |       |       |    30 |   114 |    70 ||   214
       Portal Projectile |       |       |       |       |       |       |     1 |     4 |     1 ||     6
       Song of Slaying   |       |       |       |       |       |       |       |       |    18 ||    18
Invok: Call Merchant     |       |       |     1 |       |     1 |     2 |     1 |     2 |       ||     7
       Potion Petition   |       |       |       |     3 |     1 |     3 |     2 |     1 |    13 ||    23
Evoke: Wand              |       |       |     1 |    38 |    16 |     5 |       |     1 |    10 ||    71
       Sack of spiders   |       |       |       |       |     3 |     1 |     2 |       |       ||     6
       Phial of floods   |       |       |       |       |     1 |       |       |       |       ||     1
       Box of beasts     |       |       |       |       |       |       |     2 |       |     5 ||     7
  Use: Scroll            |     4 |     6 |    14 |    16 |    19 |    20 |     8 |    14 |    27 ||   128
       Potion            |       |     1 |     8 |     4 |     3 |    13 |     3 |     4 |    14 ||    50
 Stab: Distracted        |       |       |     4 |    12 |    15 |    14 |    19 |    44 |    58 ||   166
       Sleeping          |       |       |     7 |    21 |    36 |    16 |    24 |    21 |    14 ||   139
       Paralysed         |       |       |     1 |       |       |       |       |     1 |       ||     2
       Invisible         |       |       |       |     1 |       |     5 |    12 |       |     4 ||    22
  Eat: Chunk             |     5 |     8 |     3 |       |       |       |       |       |       ||    16
       Ration            |       |     1 |    11 |    12 |    17 |    18 |    18 |    16 |    18 ||   111
Armor: Skin              |    15 |    13 |    55 |    53 |    54 |    60 |    61 |    77 |    84 ||   472
Dodge: Dodged            |    30 |    46 |   249 |   217 |   410 |   676 |   925 |  1212 |  1211 ||  4976
Block: Buckler           |       |       |    28 |   190 |   303 |   546 |   604 |   753 |   462 ||  2886
       Reflection        |       |       |       |     3 |    25 |    85 |       |       |       ||   113
       Shield            |       |       |       |       |       |       |       |       |   695 ||   695
       Rpst.: Scimitar   |       |       |     8 |    56 |    72 |   116 |   176 |   256 |   189 ||   873
       Double sword      |       |       |       |       |    19 |    10 |       |       |       ||    29

Table legend:
 A = Spawn XP
 B = Non-spawn XP
 C = Spawn XP percentage of total XP
 D = Spawn monster count
 E = Non-spawn monster count
 F = Spawn count percentage of total count
 G = Total turns spent on level
                    A         B        C        D         E        F      G
               +---------+---------+-------+---------+---------+-------+---------
         Total |  156832 | 1248036 |  11.2 |     270 |    2400 |  10.1 | 100184
               +---------+---------+-------+---------+---------+-------+---------
           D:1 |       0 |      34 |   0.0 |       0 |      18 |   0.0 |  1331
           D:2 |       0 |      73 |   0.0 |       0 |      21 |   0.0 |  1187
           D:3 |       0 |      85 |   0.0 |       0 |      25 |   0.0 |  1242
           D:4 |       0 |     300 |   0.0 |       0 |      22 |   0.0 |  1845
           D:5 |       0 |     354 |   0.0 |       0 |      22 |   0.0 |  2014
           D:6 |       0 |     880 |   0.0 |       0 |      32 |   0.0 |  2007
           D:7 |       0 |     686 |   0.0 |       0 |      18 |   0.0 |  2273
           D:8 |       0 |    2297 |   0.0 |       0 |      28 |   0.0 |  3317
           D:9 |       0 |    2879 |   0.0 |       0 |      35 |   0.0 |  2882
          D:10 |       0 |    1978 |   0.0 |       0 |      29 |   0.0 |  2220
          D:11 |       0 |    7713 |   0.0 |       0 |      28 |   0.0 |  2907
          D:12 |       0 |    6516 |   0.0 |       0 |      35 |   0.0 |  1582
          D:13 |       0 |    5912 |   0.0 |       0 |      26 |   0.0 |  1394
          D:14 |       0 |    3695 |   0.0 |       0 |      18 |   0.0 |   692
          D:15 |       0 |   17212 |   0.0 |       0 |      43 |   0.0 |  2235
        Lair:1 |       0 |    3185 |   0.0 |       0 |      17 |   0.0 |  1535
        Lair:2 |       0 |    3381 |   0.0 |       0 |      15 |   0.0 |  1788
        Lair:3 |       0 |    7136 |   0.0 |       0 |      24 |   0.0 |  2603
        Lair:4 |       0 |    3530 |   0.0 |       0 |      17 |   0.0 |  1559
        Lair:5 |       0 |   12086 |   0.0 |       0 |      38 |   0.0 |  1877
        Lair:6 |       0 |   18593 |   0.0 |       0 |      70 |   0.0 |  1961
      Shoals:1 |       0 |    8189 |   0.0 |       0 |      17 |   0.0 |  1203
      Shoals:2 |       0 |   20872 |   0.0 |       0 |      38 |   0.0 |  1617
      Shoals:3 |       0 |   27204 |   0.0 |       0 |      44 |   0.0 |  1618
      Shoals:4 |       0 |   23429 |   0.0 |       0 |      38 |   0.0 |  1705
       Snake:1 |       0 |   14665 |   0.0 |       0 |      27 |   0.0 |  2524
       Snake:2 |       0 |   33397 |   0.0 |       0 |      50 |   0.0 |  2091
       Snake:3 |       0 |   13961 |   0.0 |       0 |      33 |   0.0 |  2275
       Snake:4 |       0 |   69080 |   0.0 |       0 |     106 |   0.0 |  3461
       Slime:1 |       0 |   19059 |   0.0 |       0 |      36 |   0.0 |   718
       Slime:2 |       0 |    7658 |   0.0 |       0 |       8 |   0.0 |   140
       Slime:3 |       0 |    2154 |   0.0 |       0 |       7 |   0.0 |    93
       Slime:4 |       0 |    9111 |   0.0 |       0 |       5 |   0.0 |   769
       Slime:5 |       0 |   48420 |   0.0 |       0 |      48 |   0.0 |   978
         Orc:1 |       0 |    1597 |   0.0 |       0 |       8 |   0.0 |   571
         Orc:2 |       0 |    9648 |   0.0 |       0 |     100 |   0.0 |  2541
         Elf:1 |       0 |   30877 |   0.0 |       0 |      50 |   0.0 |  2109
         Elf:2 |       0 |   47137 |   0.0 |       0 |      79 |   0.0 |  2222
         Elf:3 |       0 |   69815 |   0.0 |       0 |      63 |   0.0 |  2775
      Vaults:1 |       0 |   25348 |   0.0 |       0 |      39 |   0.0 |  1232
      Vaults:2 |       0 |   58428 |   0.0 |       0 |      98 |   0.0 |  1712
      Vaults:3 |       0 |   63938 |   0.0 |       0 |      87 |   0.0 |  2262
      Vaults:4 |       0 |   55184 |   0.0 |       0 |      80 |   0.0 |  1495
      Depths:1 |    2672 |   51994 |   4.9 |       3 |      77 |   3.8 |  3646
      Depths:2 |       0 |   64845 |   0.0 |       0 |      72 |   0.0 |  2477
      Depths:3 |       0 |   83038 |   0.0 |       0 |     105 |   0.0 |  2164
      Depths:4 |    1504 |   56267 |   2.6 |       1 |      71 |   1.4 |  1960
      Depths:5 |       0 |   18943 |   0.0 |       0 |      19 |   0.0 |   438
       Abyss:1 |  134471 |  136903 |  49.6 |     228 |     283 |  44.6 |  8286
       Abyss:2 |    3945 |    3074 |  56.2 |       7 |      12 |  36.8 |   358
       Abyss:3 |   14240 |   22579 |  38.7 |      31 |      34 |  47.7 |  1398
         Zig:1 |       0 |    1623 |   0.0 |       0 |       2 |   0.0 |    25
         Zig:2 |       0 |    2014 |   0.0 |       0 |       4 |   0.0 |   228
         Zig:3 |       0 |    4616 |   0.0 |       0 |       3 |   0.0 |    40
         Zig:4 |       0 |    5461 |   0.0 |       0 |       4 |   0.0 |    42
         Zig:5 |       0 |    7665 |   0.0 |       0 |       5 |   0.0 |    95
         Zig:6 |       0 |    9183 |   0.0 |       0 |      16 |   0.0 |   177
         Zig:7 |       0 |    9879 |   0.0 |       0 |      13 |   0.0 |    90
         Zig:8 |       0 |   10948 |   0.0 |       0 |       9 |   0.0 |    62
           Lab |       0 |     960 |   0.0 |       0 |       1 |   0.0 |   451
         Sewer |       0 |     348 |   0.0 |       0 |      28 |   0.0 |  1367
               +---------+---------+-------+---------+---------+-------+---------
